 Dungeon Crawl Stone Soup version 0.28.0-53-g5a82cb258f (webtiles) character file.

Game seed: 5835652018625348175

2916 ILmort the Basher (level 9, 0/84 HPs)
             Began as a Minotaur Fighter on Aug 11, 2022.
             Was an Elder of Wu Jian.
             Slain by an orc wizard
             ... wielding a +0 dagger of flaming
              (3 damage)
             ... on level 7 of the Dungeon.
             The game lasted 00:21:24 (8222 turns).

ILmort the Basher (Minotaur Fighter)                Turns: 8222, Time: 00:21:25

Health: 0/84       AC: 10    Str: 26    XL:     9   Next: 50%
Magic:  8/8        EV:  9    Int:  5    God:    Wu Jian [****..]
Gold:   350        SH:  5    Dex: 15    Spells: 8/8 levels left

rFire   . . .      SeeInvis .   s - +2 flail (drain)
rCold   . . .      Faith    .   c - +0 buckler
rNeg    . . .      Spirit   .   b - +0 scale mail
rPois   .          Reflect  .   (helmet restricted)
rElec   .          Harm     .   (no cloak)
rCorr   .          Rampage  .   (no gloves)
Will    .....                   t - +0 pair of boots
Stlth   ..........              (no amulet)
HPRegen 0.24/turn               j - +6 ring of dexterity
MPRegen 0.11/turn               (no ring)

@: lethally poisoned (0 -> -12), slowed, very slow
A: horns 2, retaliatory headbutt
a: Renounce Religion, Wall Jump, Serpent's Lash


You were on level 7 of the Dungeon.
You worshipped Wu Jian.
Wu Jian was greatly pleased with you.
You visited 1 branch of the dungeon, and saw 7 of its levels.
You also visited: Sewer and Ossuary.

You collected 350 gold pieces.

Inventory:

Hand Weapons
 s - a +2 flail of draining (weapon)
 u - a +2 battleaxe of venom
Armour
 b - a +0 scale mail (worn)
 c - a +0 buckler (worn)
 e - a scarf of repulsion
 t - a +0 pair of boots (worn)
Jewellery
 j - a +6 ring of dexterity (left hand)
Wands
 g - a wand of iceblast (9)
 m - a wand of mindburst (13)
Scrolls
 a - a scroll of torment {unknown}
 f - a scroll of amnesia {unknown}
 k - 2 scrolls of silence
 q - a scroll of enchant weapon
 v - a scroll of holy word
 w - 3 scrolls of fear
Potions
 d - 3 potions of attraction
 h - 3 potions of curing
 i - a potion of cancellation {unknown}
 l - a potion of haste {unknown}
 n - 3 potions of brilliance
 o - a potion of heal wounds {unknown}
 p - 2 potions of might
 r - 3 potions of mutation {unknown}
 x - 4 potions of lignification {unknown}


   Skills:
 + Level 9.6 Fighting
 - Level 10.0 Maces & Flails
 + Level 9.6 Armour
 - Level 3.6 Shields


You had 8 spell levels left.
You didn't know any spells.
Your spell library contained the following spells:

 Spells                   Type           Power      Damage    Failure   Level
 Beastly Appendage        Tmut           0%         N/A       80%         1
 Magic Dart               Conj           0%         1d3       80%         1
 Sandblast                Erth           0%         2d4       80%         1
 Sting                    Tmut/Pois      0%         1d3       80%         1
 Call Imp                 Summ           0%         N/A       91%         2
 Passwall                 Tmut/Erth      0%         N/A       91%         2
 Poisonous Vapours        Pois/Air       0%         N/A       91%         2
 Wereblood                Tmut           0%         N/A       91%         2
 Mephitic Cloud           Conj/Pois/Air  0%         N/A       99%         3
 Spider Form              Tmut/Pois      0%         N/A       99%         3
 Stone Arrow              Conj/Erth      0%         3d7       99%         3
 Fulminant Prism          Conj/Hex       0%         3d6       100%        4
 Iskenderun's Mystic Bla  Conj/Tloc      0%         2d3       100%        4
 Olgreb's Toxic Radiance  Pois           0%         N/A       100%        4
 Lee's Rapid Deconstruct  Erth           0%         3d5*      100%        5


Dungeon Overview and Level Annotations

Branches:
Dungeon (7/15)             Temple (0/1) D:6           Sewer (visited)
Ossuary (visited)

Altars:
Ashenzari
Cheibriados
Elyvilon
Gozag
Kikubaaqudgha
Makhleb
Qazlal
Sif Muna
Wu Jian
Xom
Yredelemnul
Zin

Shops:
D:1 [   D:3 ?   D:4 (


Innate Abilities, Weirdness & Mutations

You have a pair of horns on your head.
You reflexively headbutt those who attack you in melee.


Message History

Joseph is almost dead.
You feel yourself speed up.
You feel very sick. The hornet stings you.
You are more poisoned.
You feel yourself slow down. You block something's attack.
The hornet stings you but does no damage.
Joseph hits you with a +0 quarterstaff.
You sock Joseph!
You kill Joseph!
The Council accepts your kill.
You feel very sick. You block the hornet's attack.
Something hits you but does no damage. The hornet stings you.
* * * LOW HITPOINT WARNING * * *
You are lethally poisoned!
You feel as though you will be slow longer.
The water moccasin barely misses you. You furiously retaliate!
You headbutt the water moccasin! Something hits you but does no damage.
You feel better.
The hornet stings you but does no damage.
The water moccasin bites you. Something hits you.
* * * LOW HITPOINT WARNING * * *
Something burns you.
* * * LOW HITPOINT WARNING * * *
The hornet stings you!
* * * LOW HITPOINT WARNING * * *
You feel as though you will be slow longer.
The water moccasin bites you.
* * * LOW HITPOINT WARNING * * *
You are lethally poisoned!
The water moccasin poisons you!
You feel better. The hornet stings you.
* * * LOW HITPOINT WARNING * * *
You are lethally poisoned!
You feel as though you will be slow longer.
The water moccasin bites you!
* * * LOW HITPOINT WARNING * * *
Something hits you.
You die...

.# #.# #... ##.#
#..#.#### ...#
#........ #..#
#.......# #..#
#...#..#.
#..#####.#...#.#
#<.##..yS{..#...
#..##.##@.....##
#..##.##..#.....
#..##.#......#.#
#..##.#....#..#
#.....#.....#..#
######..............
.............#...#.#
###########......# #
########


You could see a hornet and a water moccasin.

Vanquished Creatures
  Joseph (D:7)
  Sigmund (D:4)
  Edmund (D:4)
  A necrophage (D:5)
  2 black bears
  2 ogres
  A centaur (D:6)
  A phantom (D:6)
  2 kobold brigands
  3 elf zombies (Ossuary)
  A bullfrog (D:6)
  4 scorpions
  A wyvern skeleton (D:3)
  5 centaur zombies
  5 human zombies (Ossuary)
  2 hounds
  A jelly (D:6)
  An orc priest (D:5)
  Natasha (thrice) (D:3)
  4 iguanas
  An orc wizard (D:6)
  2 killer bee zombies
  A hound zombie (D:5)
  A hound skeleton (D:5)
  4 mummies
  A howler monkey zombie (D:5)
  A gnoll (D:1)
  A howler monkey skeleton (D:4)
  12 adders
  3 river rats
  A white imp (D:6)
  An ufetubus (D:4)
  An adder zombie (D:5)
  An adder skeleton (D:4)
  7 worms
  5 dart slugs
  13 orcs
  12 ball pythons
  9 bats
  2 endoplasms (D:2)
  5 giant cockroaches
  9 goblins
  6 hobgoblins
  10 jackals
  18 kobolds
  3 quokkas
  5 frilled lizards
  A goblin zombie (D:5)
  A hobgoblin zombie (D:5)
  7 rats
186 creatures vanquished.

Notes
Turn   | Place    | Note
-------+----------+-------------------------------------------
     0 | D:1      | ILmort the Minotaur Fighter began the quest for the Orb.
     0 | D:1      | Reached XP level 1. HP: 19/19 MP: 0/0
    44 | D:1      | Reached skill level 3 in Maces & Flails
    44 | D:1      | Reached XP level 2. HP: 26/26 MP: 1/1
    70 | D:1      | Found a faded altar of an unknown god.
   121 | D:1      | Prayed at the altar of an unknown god.
   121 | D:1      | Became a worshipper of the Wu Jian Council
   121 | D:1      | Reached * piety under Wu Jian
   410 | D:1      | Reached skill level 4 in Maces & Flails
   557 | D:1      | Found Tumeiv Iqoa's Antique Armour Emporium.
   586 | D:1      | Reached XP level 3. HP: 31/31 MP: 2/2
   974 | D:2      | Reached ** piety under Wu Jian
   986 | D:2      | Reached skill level 5 in Maces & Flails
  1477 | D:2      | Reached XP level 4. HP: 39/39 MP: 3/3
  2041 | D:3      | Found a basalt altar of Yredelemnul.
  2121 | D:3      | Found Warghilon's Magic Scroll Shop.
  2156 | D:3      | Found a broken altar of Ashenzari.
  2180 | D:3      | Reached skill level 6 in Maces & Flails
  2180 | D:3      | Reached XP level 5. HP: 21/45 MP: 4/4
  2556 | D:3      | Reached *** piety under Wu Jian
  2821 | D:3      | Reached skill level 7 in Maces & Flails
  2915 | D:3      | Noticed Natasha
  2921 | D:3      | Killed Natasha
  3242 | D:3      | Noticed Natasha
  3248 | D:3      | Killed Natasha
  3303 | D:3      | Noticed Natasha
  3312 | D:3      | Killed Natasha
  3313 | D:3      | Reached XP level 6. HP: 47/51 MP: 5/5
  3441 | D:4      | Reached skill level 8 in Maces & Flails
  3799 | D:4      | Found Kyoz's Antique Weapon Shoppe.
  3838 | D:4      | Found an opulent altar of Gozag.
  3937 | D:4      | Noticed Sigmund
  3950 | D:4      | Killed Sigmund
  3951 | D:4      | Reached skill level 9 in Maces & Flails
  3951 | D:4      | Reached XP level 7. HP: 28/57 MP: 6/6
  3964 | D:4      | Found a glowing drain.
  3983 | Sewer    | Entered a sewer
  4251 | Sewer    | Reached skill level 10 in Maces & Flails
  4491 | Sewer    | Reached **** piety under Wu Jian
  4759 | D:4      | Found an ornate altar of the Wu Jian Council.
  4781 | D:4      | Noticed Edmund
  4794 | D:4      | Killed Edmund
  5046 | D:4      | Found a snail-covered altar of Cheibriados.
  5057 | D:4      | Found a stormy altar of Qazlal.
  5057 | D:4      | Found a burning altar of Makhleb.
  5057 | D:4      | Found an ancient bone altar of Kikubaaqudgha.
  5063 | D:4      | Found a shimmering blue altar of Sif Muna.
  5153 | D:5      | Entered Level 5 of the Dungeon
  5153 | D:5      | Found a white marble altar of Elyvilon.
  5177 | D:4      | Reached skill level 5 in Fighting
  5177 | D:4      | Reached skill level 5 in Armour
  5223 | D:5      | Reached XP level 8. HP: 39/69 MP: 7/7
  5578 | D:5      | Found a sand-covered staircase.
  5615 | Ossuary  | Entered an ossuary
  5853 | Ossuary  | Reached XP level 9. HP: 25/81 MP: 8/8
  7324 | D:6      | Found a staircase to the Ecumenical Temple.
  7730 | D:6      | Found a shimmering altar of Xom.
  7730 | D:6      | Noticed an angel
  7731 | D:6      | Found a glowing silver altar of Zin.
  8206 | D:7      | Noticed Joseph
  8220 | D:7      | Killed Joseph
  8222 | D:7      | HP: 3/84 [water moccasin (7)]
  8222 | D:7      | Slain by an orc wizard

Illustrated notes

Levels and vault maps discovered:
D:1:      shiori_arrival_oz, layout_loops_ring,
          shapermc_ecumenical_altar_pompeii, serial_shops, shop, st_stairs_13,
          chequers_serial_rivers_micro_a
D:2:      layout_basic, guppyfry_early_orc_mine
D:3:      minmay_chambers_of_threes, layout_loops_cross,
          mainiacjoe_overflow_concentric_impassable,
          nicolae_ashenzari_panopticon, serial_shops, nicolae_square_shop,
          uniq_natasha
D:4:      layout_rooms, nzn_wu_jian_council_hall, grunt_gozag_statues,
          minitemple, serial_shops, nicolae_shop_advertising_works
          [nicolae_subvault_shop_adworks], portal_sewer_entry_b,
          palyth_stone_intersect, kennysheep_generic_room_2, uniq_edmund,
          uniq_sigmund
D:5:      layout_loops_cross, mainiacjoe_overflow_small_starburst,
          nicolae_ossuary_entry_giza
D:6:      layout_loops_corners, grunt_temple_overflow_order_and_chaos_1,
          minmay_temple_entry_wispy, minmay_misc_feat_hallway, minmay_microvault
D:7:      layout_loops_ring, nicolae_ru_great_annihilating_truth,
          serial_bayou_pond_b, minmay_increasing_density, uniq_harold,
          uniq_joseph

Skill      XL: |  1  2  3  4  5  6  7  8  9 |
---------------+----------------------------+-----
Maces & Flails | 3 4 5 6 7 9 10 | 10.0
Fighting       | 5 8 9 |  9.6
Armour         | 5 8 9 |  9.6
Shields        | |  3.6

Action                   |  1- 3 |  4- 6 |  7- 9 || total
-------------------------+-------+-------+-------++-------
Melee: Flail             |    76 |   188 |   305 ||   569
       Headbutt          |    14 |    24 |    59 ||    97
Invok: Lunge             |     6 |    13 |    20 ||    39
       Whirlwind         |     4 |    12 |    12 ||    28
  Use: Scroll            |       |     7 |     1 ||     8
       Potion            |       |     1 |     8 ||     9
Armor: Scale mail        |    40 |    72 |   104 ||   216
Dodge: Dodged            |    39 |    63 |    93 ||   195
Block: Buckler           |    23 |    31 |    62 ||   116
